 Dungeon Crawl Stone Soup version 0.28-b1-70-g80dc712255 (webtiles) character file.

Game seed: 9923122012705728603

2 Prodoman the Magician (level 1, -4/13 HPs)
             Began as a Demonspawn Hedge Wizard on Feb 4, 2022.
             Slain by a worm (11 damage)
             ... on level 2 of the Dungeon.
             The game lasted 00:01:24 (149 turns).

Prodoman the Magician (Demonspawn Hedge Wizard)      Turns: 149, Time: 00:01:25

Health: -4/13      AC:  2    Str: 10    XL:     1   Next: 25%
Magic:  0/4        EV: 12    Int: 15    God:
Gold:   16         SH:  0    Dex: 12    Spells: 5/6 levels left

rFire   . . .      SeeInvis .   a - +0 dagger
rCold   . . .      Faith    .   (no shield)
rNeg    . . .      Spirit   .   b - +0 robe
rPois   .          Reflect  .   c - +0 hat
rElec   .          Harm     .   (no cloak)
rCorr   .          Rampage  .   (no gloves)
Will    .....                   (no boots)
Stlth   ++........              (no amulet)
HPRegen 0.04/turn               (no ring)
MPRegen 0.09/turn               (no ring)

@: no status effects
A: no striking features
a: no special abilities


You were on level 2 of the Dungeon.
You visited 1 branch of the dungeon, and saw 2 of its levels.

You collected 16 gold pieces.

Inventory:

Hand Weapons
 a - a +0 dagger (weapon)
Armour
 b - a +0 robe (worn)
 c - a +0 hat (worn)


   Skills:
 + Level 1.8 Dodging
 + Level 1.8 Stealth
 + Level 3.0 Spellcasting
 + Level 1.0 Conjurations
 + Level 1.0 Summonings
 + Level 0.9 Translocations


You had 5 spell levels left.
You knew the following spells:

 Your Spells              Type           Power      Damage    Failure   Level
a - Magic Dart            Conj           20%        1d4       13%         1

Your spell library contained the following spells:

 Spells                   Type           Power      Damage    Failure   Level
 Slow                     Hex            8%         N/A       21%         1
 Blink                    Tloc           10%        N/A       21%         2
 Call Imp                 Summ           5%         N/A       21%         2
 Conjure Flame            Conj/Fire      3%         6-21      43%         3
 Mephitic Cloud           Conj/Pois/Air  3%         N/A       45%         3


Dungeon Overview and Level Annotations

Branches:
Dungeon (1/15)

Altars:


Message History

Confirm with . or Enter, or press ? or * to list all spells.
Aiming: Magic Dart (safe; 13% risk of failure)
Press: ? - help, Shift-Dir - straight line, f/p - worm
Aim: a worm (lightly wounded, 100% to hit)
The magic dart hits the worm.
The worm is moderately wounded.
Hit: a) +0 dagger
Press: ? - help, Dir - move target, f/p - worm
Aim: a worm (lightly wounded, about 21% to evade your +0 dagger)
You hit the worm.
The worm is moderately wounded.
Hit: a) +0 dagger
Press: ? - help, Dir - move target, f/p - worm
Aim: a worm (moderately wounded, about 21% to evade your +0 dagger)
You hit the worm but do no damage.
The worm is moderately wounded.
The worm misses you.
You aren't carrying any potions.
You aren't carrying any scrolls.
Hit: a) +0 dagger
Press: ? - help, Dir - move target, f/p - worm
Aim: a worm (moderately wounded, about 21% to evade your +0 dagger)
You hit the worm.
The worm is moderately wounded.
The worm bites you.
Hit: a) +0 dagger
Press: ? - help, Dir - move target, f/p - worm
Aim: a worm (moderately wounded, about 21% to evade your +0 dagger)
You hit the worm but do no damage.
The worm is moderately wounded.
The rat barely misses you.
Your magical contamination has completely faded away.
Hit: a) +0 dagger
Press: ? - help, Dir - move target, f/p - worm
Aim: a worm (moderately wounded, about 21% to evade your +0 dagger)
You hit the worm.
The worm is heavily wounded.
The worm bites you!
Ouch! That really hurt!
You die...

#### #..
###.###.#######
......w@r......
###.###.#....##
#.# ...# #.#
.:# #.# ## #.#
... #.# ...


You could see a worm and a rat.

Vanquished Creatures
  A hobgoblin (D:1)
  A ball python (D:1)
2 creatures vanquished.

Notes
Turn   | Place    | Note
-------+----------+-------------------------------------------
     0 | D:1      | Prodoman the Demonspawn Hedge Wizard began the quest for
                  | the Orb.
     0 | D:1      | Reached XP level 1. HP: 13/13 MP: 4/4
     2 | D:1      | Noticed a vampire
     2 | D:1      | Noticed an ogre
     4 | D:1      | Noticed a felid
     4 | D:1      | Noticed a vine stalker
     6 | D:1      | Noticed a merfolk
     8 | D:1      | Noticed a dwarf
     8 | D:1      | Noticed a human
    12 | D:1      | Noticed a draconian
    12 | D:1      | Noticed a naga
    14 | D:1      | Noticed a demigod
    14 | D:1      | Noticed a spriggan
    16 | D:1      | Noticed a ghoul
    16 | D:1      | Noticed an octopode
    20 | D:1      | Noticed a gargoyle
    20 | D:1      | Noticed a formicid
    22 | D:1      | Noticed a tengu
    22 | D:1      | Noticed a demonspawn
    24 | D:1      | Noticed an elf
    24 | D:1      | Noticed a minotaur
    26 | D:1      | Noticed a troll
   137 | D:1      | You fall into a shaft and drop 1 floor!
   149 | D:2      | Slain by a worm

Illustrated notes

Levels and vault maps discovered:
D:1:      kb_arrival_jail, layout_loops_corners, basic_ecumenical_altar,
          minmay_domino_2
D:2:      layout_basic, uniq_sigmund

Action                   || total
-------------------------++-------
Melee: Dagger            ||     5
 Cast: Magic Dart        ||     8
Dodge: Dodged            ||     2
